 Dungeon Crawl Stone Soup version 0.20.0-10-g0535bb4 (webtiles) character file.

1657 Gorglomux the Grappler (level 8, 0/68 HPs)
             Began as a Troll Artificer on June 4, 2017.
             Was a Follower of the Shining One.
             Slain by a rust devil (9 damage)
             ... summoned by a deep elf mage
             ... on level 6 of the Dungeon.
             The game lasted 00:03:44 (4548 turns).

Gorglomux the Grappler (Troll Artificer)            Turns: 4548, Time: 00:03:45

Health: 0/68       AC:  5    Str: 25    XL:     8   Next: 68%
Magic:  8/8        EV:  9    Int:  7    God:    the Shining One [*.....]
Gold:   76         SH:  0    Dex: 12    Spells: 7/7 levels left

rFire    . . .     SeeInvis .     - Unarmed
rCold    + . .     Gourm    +   (no shield)
rNeg     . . .     Faith    .   b - +0 robe
rPois    +         Spirit   .   (helmet restricted)
rElec    .         Reflect  .   (no cloak)
rCorr    .         Harm     .   (gloves unavailable)
MR       .....                  (boots unavailable)
Stlth    +.........             (no amulet)
Regen    0.7/turn               x - ring of Kohimiho {rC+ Str+4}
MPRegen  0.2/turn               o - ring of poison resistance

@: glowing, drained
A: unfitting armour, claws 3, fast metabolism 3, gourmand, regeneration 1,
shaggy fur 1, tough skin 2
a: Renounce Religion


You were on level 6 of the Dungeon.
You worshipped the Shining One.
The Shining One was aware of your devotion.
You were full.

You visited 2 branches of the dungeon, and saw 7 of its levels.

You collected 286 gold pieces.
You spent 210 gold pieces at shops.

Inventory:

Armour
 b - a +0 robe (worn)
Jewellery
 l - an uncursed ring of flight
 o - a ring of poison resistance (right claw)
 x - the ring of Kohimiho (left claw) {rC+ Str+4}
   (You found it on level 6 of the Dungeon)

   [ring of protection from cold]

   It affects your strength (+4).
   It protects you from cold.
 C - an uncursed ring of positive energy
Wands
 c - a wand of flame (14/48)
 e - a wand of random effects (15/48)
 E - a wand of enslavement (15/24)
Scrolls
 y - a scroll of noise {unknown}
 F - 2 scrolls of blinking {unknown}
 H - 2 scrolls of immolation {unknown}
 L - 5 scrolls of remove curse
 O - 2 scrolls of recharging {unknown}
 R - a scroll of identify
 S - a scroll of enchant armour {unknown}
 T - 4 scrolls of teleportation {unknown}
 V - a scroll of magic mapping {unknown}
 W - 2 scrolls of enchant weapon {unknown}
 Z - 3 scrolls of fear {unknown}
Potions
 A - a potion of haste
 B - 2 potions of might {unknown}
 D - 2 potions of heal wounds
 J - 2 potions of magic
 K - a potion of flight {unknown}
 M - 3 potions of agility
 N - 2 potions of mutation {!q}
 P - a potion of lignification {unknown}
 Q - 4 potions of curing
 U - a potion of ambrosia {unknown}
Books
 X - a book of Cantrips

   Spells                             Type                      Level
   a - Confusing Touch                Hexes                        1
   b - Animate Skeleton               Necromancy                   1
   c - Summon Small Mammal            Summoning                    1
   d - Apportation                    Translocation                1
Comestibles
 f - 3 bread rations
 z - 3 meat rations
 G - 14 fruits
 I - 7 royal jellies


   Skills:
 - Level 0.7(0.1) Fighting
   Level 0.7(0.1) Short Blades
 - Level 1.5(1.0) Dodging
 - Level 0.3(0.0) Stealth
 + Level 10.9(10.2) Unarmed Combat
 - Level 2.1(1.6) Evocations


You had 7 spell levels left.
You didn't know any spells.

Dungeon Overview and Level Annotations

Branches:
Dungeon (6/15)             Temple (1/1) D:5

Altars:
Hepliaklqana
Kikubaaqudgha
Makhleb
Okawaru
The Shining One

Shops:
D:5 !


Innate Abilities, Weirdness & Mutations

You are too large for most types of armour.
You have claws for hands.
Your metabolism is lightning-fast.
You like to eat raw meat.
Your natural rate of healing is unusually fast.
You are covered in fur. (AC +1)
You have very tough skin. (AC +2)


Message History

You claw the deep elf mage!
The deep elf mage is moderately wounded.
The sixfirhy completely misses you. The sixfirhy hits you!
The sixfirhy shocks you!
* * * LOW HITPOINT WARNING * * *
The sixfirhy hits you but does no damage.
You are too injured to fight recklessly!
You are too injured to fight recklessly!
You are too injured to fight recklessly!
There are monsters nearby!
Unknown command.
You are too injured to fight recklessly!
Unknown command.
Okay, then.
You feel much better.
The deep elf mage points at you and mumbles some strange words.
The bolt of negative energy hits you!
You feel drained.
* * * LOW HITPOINT WARNING * * *
The rust devil hits you!
You die...

....#. ...... #+++#
###8...# #e.8+ ......#
# ....#4@.+ ......# #
...#3.8+ .....# #
...#'''######8..(#####
..#...........#.##.##
#+.#...........#.##.##
#..###########.#.##.#
#..............#.##.##
##...##............#.##
#....##............#.##


You could see a rust devil, a deep elf mage and a sixfirhy.

Vanquished Creatures
  The ghost of tilp the Magician, a novice DrFE of Okawaru (D:6)
  The ghost of vatarom the Zephyrmancer, a novice TeAE of Sif Muna (D:5)
  Menkaure (D:6)
  The ghost of nikopol the Chopper, an amateur HOFi (D:4)
  A black bear (D:6)
  3 ogres
  A bullfrog (D:3)
  A water moccasin zombie (D:5)
  A howler monkey (D:4)
  A hound (D:4)
  2 worker ants (D:6)
  A hound skeleton (D:4)
  9 adders
  2 adder skeletons
  3 worms
  A dart slug (D:2)
  4 leopard geckos
  3 orcs
  5 giant cockroaches
  6 goblins
  7 hobgoblins
  10 kobolds
  2 ball pythons
  6 bats
  8 frilled lizards
  A quokka skeleton (D:4)
  7 rats
89 creatures vanquished.

Notes
Turn   | Place    | Note
-------+----------+-------------------------------------------
     0 | D:1      | Gorglomux the Troll Artificer began the quest for the Orb.
     0 | D:1      | Reached XP level 1. HP: 18/18 MP: 1/1
   139 | D:1      | Reached skill level 1 in Unarmed Combat
   195 | D:1      | Reached XP level 2. HP: 26/26 MP: 2/2
   472 | D:1      | Reached skill level 2 in Unarmed Combat
   978 | D:2      | Reached XP level 3. HP: 32/32 MP: 3/3
  1238 | D:2      | Reached skill level 3 in Unarmed Combat
  1790 | D:3      | Reached XP level 4. HP: 33/40 MP: 4/4
  2026 | D:3      | Reached skill level 4 in Unarmed Combat
  2094 | D:3      | Found a glowing golden altar of the Shining One.
  2107 | D:3      | Became a worshipper of the Shining One
  2294 | D:3      | Noticed a bullfrog
  2301 | D:3      | Killed a bullfrog
  2301 | D:3      | Reached skill level 5 in Unarmed Combat
  2301 | D:3      | Reached XP level 5. HP: 32/46 MP: 5/5
  2489 | D:4      | Found a burning altar of Makhleb.
  2607 | D:4      | Noticed an ogre
  2612 | D:4      | Killed an ogre
  2612 | D:4      | Reached skill level 6 in Unarmed Combat
  2612 | D:4      | Reached XP level 6. HP: 54/54 MP: 6/6
  2636 | D:4      | Found a burning altar of Makhleb.
  2908 | D:4      | Noticed nikopol's ghost (amateur HOFi)
  2917 | D:4      | Killed nikopol's ghost
  3148 | D:4      | Reached skill level 7 in Unarmed Combat
  3255 | D:5      | Entered Level 5 of the Dungeon
  3309 | D:5      | Found Ziekucvumoi's Distillery.
  3314 | D:5      | Bought a potion of heal wounds for 50 gold pieces
  3314 | D:5      | Bought a potion of haste for 100 gold pieces
  3314 | D:5      | Bought a potion of heal wounds for 50 gold pieces
  3314 | D:5      | Bought a potion of degeneration for 10 gold pieces
  3522 | D:5      | Reached XP level 7. HP: 50/61 MP: 7/7
  3632 | D:5      | Found a staircase to the Ecumenical Temple.
  3745 | Temple   | Entered the Ecumenical Temple
  3845 | D:5      | Noticed vatarom's ghost (novice TeAE)
  3855 | D:5      | Killed vatarom's ghost
  3855 | D:5      | Reached skill level 9 in Unarmed Combat
  3943 | D:6      | Noticed Menkaure
  3944 | D:6      | Noticed tilp's ghost (novice DrFE)
  3944 | D:6      | Reached * piety under the Shining One
  3949 | D:6      | Killed Menkaure
  3949 | D:6      | Reached XP level 8. HP: 57/68 MP: 8/8
  4069 | D:6      | Killed tilp's ghost
  4069 | D:6      | Reached skill level 10 in Unarmed Combat
  4086 | D:6      | Got a faintly glowing wooden ring
  4091 | D:6      | Identified the ring of Kohimiho {rC+ Str+4} (You found it on level 6 of the Dungeon)
  4540 | D:6      | Noticed a deep elf mage
  4546 | D:6      | Noticed a sixfirhy
  4547 | D:6      | Noticed a rust devil
  4548 | D:6      | Slain by a rust devil

Skill      XL: |  1  2  3  4  5  6  7  8 |
---------------+-------------------------+-----
Unarmed Combat | 1 2 3 5 6 7 9 10 | 10.9
Fighting       | |  0.7
Short Blades   | |  0.7
Dodging        | |  1.5
Stealth        | |  0.3
Evocations     | |  2.1

Action                   |  1- 3 |  4- 6 |  7- 9 || total
-------------------------+-------+-------+-------++-------
Melee: Unarmed           |   122 |   121 |    48 ||   291
       Punch             |     1 |     3 |       ||     4
Evoke: Wand              |       |       |     1 ||     1
  Use: Scroll            |       |     7 |       ||     7
       Potion            |       |       |     2 ||     2
 Stab: Sleeping          |     1 |       |       ||     1
  Eat: Chunk             |    21 |    17 |     6 ||    44
Armor: Robe              |    42 |    30 |     5 ||    77
Dodge: Dodged            |    60 |    50 |    18 ||   128
